[ PARTIDA AOE2 · #507259625 ]
UnrankedSicilianos vs Dravidians
Equipo del jugador · VICT
Equipo rival · DERR
[ ANÁLISIS DE REPETICIÓN · EXTRAÍDO DE LA PARTIDA GRABADA ]
Feudal
8:50
Castillos
23:52
Imperial
—
| APM promedio | 100.0 |
| APM pico | 164 |
| eAPM promedio | 54.9 |
| Aldeanos / militares | 147 / 226 |
Foco
⚔️ 55.3% · 🌾 44.7%
Serjeant ×209 · Spearman ×7 · Skirmisher ×7 · Mangonel ×2 · Monk ×1
Feudal
10:06
Castillos
21:03
Imperial
44:45
| APM promedio | 123.3 |
| APM pico | 193 |
| eAPM promedio | 59.4 |
| Aldeanos / militares | 139 / 176 |
Foco
⚔️ 78.4% · 🌾 21.6%
Militia ×153 · Skirmisher ×8 · Mangonel ×6 · Scorpion ×5 · Armored Elephant ×2 · Archer ×1
Mapa de la partida
Recursos iniciales + cada clic de construcción. Líneas = muros · curvas = relieve. ◆ oro · ⬟ piedra · ● bayas · ✦ reliquia · ◌ hueco del cierre
Tu base· ✓ Cerrada en 23:52 · 39t muro · sin puerta
Base de NOC | Mati· ✓ Cerrada en 21:03 · 40t muro · sin puerta
Terreno inicial suavizado · ◌ = hueco del cierre detectado · pasá el cursor para detalles
Inputs por minuto
— VIT Liereyy - - NOC | Mati
Build order — VIT Liereyy
Primeras 150 de 624 acciones detectadas
| 0:00 | Encolar | Villager (Male) |
| 0:00 | Encolar | Villager (Male) |
| 0:01 | Construir | House |
| 0:02 | Construir | House |
| 0:11 | Encolar | Villager (Male) |
| 0:11 | Encolar | Villager (Male) |
| 1:28 | Encolar | Villager (Male) |
| 1:46 | Encolar | Villager (Male) |
| 1:49 | Construir | Lumber Camp |
| 2:04 | Encolar | Villager (Male) |
| 2:23 | Encolar | Villager (Male) |
| 2:52 | Encolar | Villager (Male) |
| 3:12 | Encolar | Villager (Male) |
| 3:53 | Construir | House |
| 3:59 | Encolar | Villager (Male) |
| 4:06 | Encolar | Villager (Male) |
| 4:09 | Construir | Mill |
| 4:26 | Encolar | Villager (Male) |
| 4:36 | Encolar | Villager (Male) |
| 4:36 | Encolar | Villager (Male) |
| 4:39 | Encolar | Villager (Male) |
| 5:25 | Encolar | Villager (Male) |
| 5:58 | Investigar | Loom |
| 6:36 | Investigar | Feudal Age |
| 7:41 | Construir | Donjon |
| 7:56 | Construir | Donjon |
| 7:59 | Construir | Donjon |
| 8:08 | Encolar | Villager (Male) |
| 8:24 | Construir | House |
| 8:37 | Construir | Donjon |
| 8:48 | Construir | Palisade Wall |
| 8:49 | Construir | Palisade Wall |
| 8:50 | Edad | Edad Feudal |
| 8:52 | Investigar | Double-Bit Axe |
| 8:55 | Investigar | Horse Collar |
| 8:55 | Encolar | Villager (Male) |
| 9:10 | Construir | Farm |
| 9:11 | Construir | Farm |
| 9:11 | Encolar | Villager (Male) |
| 9:14 | Construir | Palisade Wall |
| 9:15 | Construir | Palisade Wall |
| 9:16 | Construir | Palisade Wall |
| 9:19 | Construir | Palisade Wall |
| 9:19 | Construir | Palisade Wall |
| 9:21 | Construir | Palisade Wall |
| 9:22 | Construir | Palisade Wall |
| 9:27 | Construir | Palisade Wall |
| 9:31 | Construir | Palisade Wall |
| 9:40 | Encolar | Spearman |
| 9:48 | Encolar | Villager (Male) |
| 9:53 | Construir | Palisade Wall |
| 9:54 | Construir | Palisade Wall |
| 9:57 | Construir | Palisade Wall |
| 10:00 | Construir | Farm |
| 10:05 | Encolar | Spearman |
| 10:08 | Encolar | Serjeant |
| 10:13 | Encolar | Villager (Male) |
| 10:17 | Construir | Farm |
| 10:20 | Construir | Farm |
| 10:31 | Construir | House |
| 10:35 | Encolar | Serjeant |
| 10:43 | Encolar | Villager (Male) |
| 11:07 | Encolar | Villager (Male) |
| 11:28 | Construir | Archery Range |
| 11:31 | Construir | House |
| 11:37 | Encolar | Villager (Male) |
| 11:54 | Construir | Mining Camp |
| 11:55 | Encolar | Villager (Male) |
| 12:16 | Construir | House |
| 12:17 | Encolar | Villager (Male) |
| 12:22 | Encolar | Skirmisher |
| 12:36 | Construir | Farm |
| 12:48 | Construir | Palisade Wall |
| 12:49 | Construir | Palisade Wall |
| 12:50 | Encolar | Villager (Male) |
| 12:54 | Encolar | Skirmisher |
| 13:12 | Encolar | Serjeant |
| 13:13 | Encolar | Skirmisher |
| 13:17 | Encolar | Villager (Male) |
| 13:19 | Encolar | Skirmisher |
| 13:31 | Encolar | Serjeant |
| 13:32 | Encolar | Serjeant |
| 13:41 | Construir | House |
| 13:45 | Encolar | Villager (Male) |
| 13:58 | Encolar | Skirmisher |
| 14:08 | Construir | Blacksmith |
| 14:13 | Encolar | Serjeant |
| 14:16 | Construir | House |
| 14:21 | Encolar | Villager (Male) |
| 14:24 | Construir | Farm |
| 14:32 | Encolar | Serjeant |
| 14:32 | Encolar | Serjeant |
| 14:32 | Encolar | Serjeant |
| 14:54 | Investigar | Scale Mail Armor |
| 14:54 | Investigar | Scale Mail Armor |
| 14:58 | Encolar | Spearman |
| 15:02 | Construir | Farm |
| 15:03 | Construir | Farm |
| 15:07 | Encolar | Villager (Male) |
| 15:10 | Construir | Farm |
| 15:24 | Construir | Farm |
| 15:27 | Construir | Farm |
| 15:28 | Encolar | Villager (Male) |
| 15:37 | Construir | House |
| 15:44 | Encolar | Villager (Male) |
| 15:53 | Construir | Farm |
| 16:05 | Construir | House |
| 16:14 | Construir | Farm |
| 16:16 | Encolar | Villager (Male) |
| 16:31 | Construir | House |
| 16:33 | Construir | Farm |
| 16:47 | Investigar | Fletching |
| 16:48 | Encolar | Skirmisher |
| 16:49 | Encolar | Serjeant |
| 16:50 | Encolar | Serjeant |
| 16:53 | Encolar | Villager (Male) |
| 16:59 | Construir | Farm |
| 17:05 | Encolar | Skirmisher |
| 17:08 | Encolar | Villager (Male) |
| 17:26 | Encolar | Serjeant |
| 17:37 | Encolar | Villager (Male) |
| 17:42 | Construir | Farm |
| 17:43 | Construir | Farm |
| 17:47 | Encolar | Serjeant |
| 17:48 | Encolar | Serjeant |
| 18:02 | Encolar | Serjeant |
| 18:02 | Encolar | Villager (Male) |
| 18:04 | Construir | Mining Camp |
| 18:11 | Construir | Farm |
| 18:24 | Construir | Farm |
| 18:24 | Encolar | Villager (Male) |
| 18:30 | Encolar | Serjeant |
| 18:41 | Construir | Farm |
| 18:49 | Encolar | Villager (Male) |
| 18:51 | Construir | Farm |
| 18:57 | Encolar | Serjeant |
| 19:13 | Encolar | Villager (Male) |
| 19:31 | Encolar | Villager (Male) |
| 19:37 | Encolar | Serjeant |
| 19:46 | Construir | Farm |
| 20:14 | Encolar | Villager (Male) |
| 20:16 | Construir | Farm |
| 20:43 | Encolar | Villager (Male) |
| 20:46 | Construir | Donjon |
| 21:12 | Investigar | Castle Age |
| 21:12 | Investigar | Castle Age |
| 21:14 | Construir | Palisade Wall |
| 21:15 | Construir | Palisade Wall |
| 21:16 | Construir | Palisade Wall |
| 21:19 | Construir | Palisade Wall |
Build order — NOC | Mati
Primeras 150 de 488 acciones detectadas
| 0:00 | Encolar | Villager (Male) ×4 |
| 0:02 | Construir | House |
| 0:03 | Construir | House |
| 1:31 | Encolar | Villager (Male) |
| 1:50 | Encolar | Villager (Male) |
| 1:51 | Encolar | Villager (Male) |
| 1:52 | Construir | Lumber Camp |
| 2:08 | Encolar | Villager (Male) |
| 2:29 | Encolar | Villager (Male) |
| 2:29 | Encolar | Villager (Male) |
| 3:07 | Encolar | Villager (Male) |
| 3:08 | Encolar | Villager (Male) |
| 3:52 | Construir | House |
| 4:00 | Encolar | Villager (Male) |
| 4:04 | Encolar | Villager (Male) |
| 4:18 | Encolar | Villager (Male) |
| 4:58 | Construir | Barracks |
| 5:10 | Encolar | Villager (Male) |
| 5:34 | Construir | House |
| 5:37 | Encolar | Villager (Male) |
| 5:52 | Encolar | Militia |
| 5:52 | Encolar | Militia |
| 5:52 | Encolar | Militia |
| 5:54 | Encolar | Villager (Male) |
| 6:11 | Encolar | Villager (Male) |
| 6:24 | Encolar | Villager (Male) |
| 6:24 | Investigar | Loom |
| 7:56 | Investigar | Feudal Age |
| 7:58 | Construir | Mill |
| 8:07 | Construir | Mining Camp |
| 8:12 | Construir | House |
| 8:13 | Construir | House |
| 8:15 | Construir | Palisade Wall |
| 9:01 | Construir | House |
| 9:06 | Encolar | Villager (Male) |
| 9:53 | Encolar | Villager (Male) |
| 10:06 | Edad | Edad Feudal |
| 10:08 | Investigar | Man-at-Arms (upgrade) |
| 10:13 | Construir | Archery Range |
| 10:14 | Construir | Palisade Wall |
| 10:14 | Construir | Palisade Wall |
| 10:21 | Investigar | Double-Bit Axe |
| 10:25 | Construir | Farm |
| 10:26 | Construir | Farm |
| 10:26 | Construir | Farm |
| 10:38 | Encolar | Villager (Male) |
| 10:51 | Encolar | Villager (Male) |
| 10:54 | Construir | Farm |
| 10:56 | Construir | Blacksmith |
| 11:09 | Construir | Farm |
| 11:11 | Encolar | Villager (Male) |
| 11:14 | Encolar | Skirmisher |
| 11:17 | Construir | House |
| 11:17 | Construir | Palisade Wall |
| 11:26 | Construir | Palisade Wall |
| 11:38 | Construir | Farm |
| 11:41 | Construir | Palisade Wall |
| 11:41 | Construir | Palisade Wall |
| 11:45 | Encolar | Skirmisher |
| 11:50 | Encolar | Villager (Male) |
| 12:08 | Construir | Palisade Wall |
| 12:11 | Encolar | Skirmisher |
| 12:13 | Encolar | Villager (Male) |
| 12:16 | Construir | Palisade Wall |
| 12:25 | Construir | Palisade Wall |
| 12:26 | Construir | Palisade Wall |
| 12:27 | Construir | Palisade Wall |
| 12:34 | Construir | Farm |
| 12:45 | Encolar | Militia |
| 12:49 | Construir | Farm |
| 12:50 | Encolar | Villager (Male) |
| 13:03 | Investigar | Fletching |
| 13:08 | Encolar | Villager (Male) |
| 13:17 | Construir | Farm |
| 13:18 | Construir | Farm |
| 13:25 | Construir | Palisade Wall |
| 13:26 | Construir | House |
| 13:30 | Encolar | Villager (Male) |
| 13:34 | Encolar | Skirmisher |
| 13:46 | Construir | Farm |
| 13:53 | Construir | House |
| 14:08 | Encolar | Skirmisher |
| 14:14 | Encolar | Militia |
| 14:14 | Encolar | Skirmisher |
| 14:14 | Encolar | Archer |
| 14:21 | Encolar | Villager (Male) |
| 14:23 | Construir | Farm |
| 14:40 | Encolar | Villager (Male) |
| 14:40 | Encolar | Skirmisher |
| 14:51 | Encolar | Skirmisher |
| 14:59 | Investigar | Scale Mail Armor |
| 15:01 | Encolar | Villager (Male) |
| 15:03 | Construir | Farm |
| 15:11 | Encolar | Militia |
| 15:14 | Construir | Farm |
| 15:20 | Construir | Farm |
| 15:23 | Encolar | Villager (Male) |
| 15:48 | Encolar | Militia |
| 15:48 | Encolar | Villager (Male) |
| 15:50 | Construir | House |
| 15:52 | Encolar | Villager (Male) |
| 15:56 | Construir | Farm |
| 16:08 | Encolar | Villager (Male) |
| 16:12 | Construir | House |
| 16:13 | Construir | House |
| 16:23 | Construir | Farm |
| 16:32 | Investigar | Arson |
| 16:51 | Construir | Farm |
| 16:59 | Encolar | Villager (Male) |
| 16:59 | Encolar | Villager (Male) |
| 18:23 | Investigar | Castle Age |
| 18:23 | Investigar | Castle Age |
| 18:43 | Encolar | Militia |
| 18:51 | Construir | Lumber Camp |
| 18:52 | Investigar | Horse Collar |
| 18:59 | Construir | Barracks |
| 19:10 | Investigar | Forging |
| 19:34 | Encolar | Militia |
| 19:54 | Construir | House |
| 19:54 | Construir | House |
| 20:02 | Encolar | Militia |
| 20:03 | Encolar | Militia |
| 20:06 | Construir | Farm |
| 20:09 | Construir | Farm |
| 20:10 | Construir | House |
| 20:23 | Encolar | Militia |
| 20:23 | Encolar | Militia |
| 20:32 | Encolar | Militia |
| 20:32 | Encolar | Militia |
| 20:32 | Encolar | Villager (Male) |
| 20:34 | Construir | House |
| 20:42 | Encolar | Militia |
| 20:54 | Construir | House |
| 20:54 | Construir | House |
| 20:56 | Construir | House |
| 21:03 | Edad | Edad de los Castillos |
| 21:04 | Encolar | Militia |
| 21:06 | Investigar | Long Swordsman (upgrade) |
| 21:12 | Investigar | Squires |
| 21:17 | Investigar | Gambesons |
| 21:29 | Construir | Siege Workshop |
| 21:33 | Encolar | Villager (Male) |
| 21:41 | Construir | Town Center |
| 21:55 | Encolar | Militia |
| 21:55 | Encolar | Spearman |
| 22:02 | Encolar | Villager (Male) |
| 22:07 | Construir | Farm |
| 22:07 | Encolar | Scorpion |
| 22:13 | Encolar | Militia |
| 22:14 | Encolar | Militia |
Cronología de la partida
| 4:58 | NOC | Mati · first_building Barracks |
| 7:41 | VIT Liereyy · first_building Donjon |
| 8:15 | NOC | Mati · wall_segment Palisade Wall x1 |
| 8:48 | VIT Liereyy · wall_segment Palisade Wall x1 |
| 8:49 | VIT Liereyy · wall_segment Palisade Wall x1 |
| 8:50 | VIT Liereyy · age_up feudal |
| 9:14 | VIT Liereyy · wall_segment Palisade Wall x1 |
| 9:15 | VIT Liereyy · wall_segment Palisade Wall x1 |
| 9:16 | VIT Liereyy · wall_segment Palisade Wall x1 |
| 9:19 | VIT Liereyy · wall_segment Palisade Wall x1 |
| 9:19 | VIT Liereyy · wall_segment Palisade Wall x1 |
| 9:21 | VIT Liereyy · wall_segment Palisade Wall x1 |
| 9:22 | VIT Liereyy · wall_segment Palisade Wall x1 |
| 9:27 | VIT Liereyy · wall_segment Palisade Wall x1 |
| 9:31 | VIT Liereyy · wall_segment Palisade Wall x1 |
| 9:53 | VIT Liereyy · wall_segment Palisade Wall x1 |
| 9:54 | VIT Liereyy · wall_segment Palisade Wall x1 |
| 9:57 | VIT Liereyy · wall_segment Palisade Wall x1 |
| 10:06 | NOC | Mati · age_up feudal |
| 10:13 | NOC | Mati · first_building Archery Range |
| 10:14 | NOC | Mati · wall_segment Palisade Wall x1 |
| 10:14 | NOC | Mati · wall_segment Palisade Wall x1 |
| 11:17 | NOC | Mati · wall_segment Palisade Wall x1 |
| 11:26 | NOC | Mati · wall_segment Palisade Wall x6 |
| 11:28 | VIT Liereyy · first_building Archery Range |
| 11:41 | NOC | Mati · wall_segment Palisade Wall x6 |
| 11:41 | NOC | Mati · wall_segment Palisade Wall x1 |
| 12:08 | NOC | Mati · wall_segment Palisade Wall x1 |
| 12:16 | NOC | Mati · wall_segment Palisade Wall x8 |
| 12:25 | NOC | Mati · wall_segment Palisade Wall x11 |
| 12:26 | NOC | Mati · wall_segment Palisade Wall x1 |
| 12:27 | NOC | Mati · wall_segment Palisade Wall x1 |
| 12:48 | VIT Liereyy · wall_segment Palisade Wall x1 |
| 12:49 | VIT Liereyy · wall_segment Palisade Wall x1 |
| 13:25 | NOC | Mati · wall_segment Palisade Wall x1 |
| 21:03 | NOC | Mati · age_up castle |
| 21:14 | VIT Liereyy · wall_segment Palisade Wall x1 |
| 21:15 | VIT Liereyy · wall_segment Palisade Wall x3 |
| 21:16 | VIT Liereyy · wall_segment Palisade Wall x3 |
| 21:19 | VIT Liereyy · wall_segment Palisade Wall x1 |
| 21:19 | VIT Liereyy · wall_segment Palisade Wall x1 |
| 21:21 | VIT Liereyy · wall_segment Palisade Wall x4 |
| 21:22 | VIT Liereyy · wall_segment Palisade Wall x2 |
| 21:25 | VIT Liereyy · wall_segment Palisade Wall x7 |
| 21:29 | NOC | Mati · first_building Siege Workshop |
| 21:38 | VIT Liereyy · first_building Barracks |
| 22:34 | VIT Liereyy · first_market_sell 100 wood |
| 22:35 | VIT Liereyy · first_market_buy 100 stone |
| 23:00 | VIT Liereyy · wall_segment Stone Wall x1 |
| 23:01 | VIT Liereyy · wall_segment Stone Wall x1 |
| 23:26 | NOC | Mati · wall_segment Stone Wall x4 |
| 23:52 | VIT Liereyy · age_up castle |
| 24:05 | NOC | Mati · wall_segment Stone Wall x1 |
| 25:46 | VIT Liereyy · first_building Siege Workshop |
| 28:58 | VIT Liereyy · wall_segment Stone Wall x1 |
| 29:55 | NOC | Mati · wall_segment Stone Wall x1 |
| 37:02 | NOC | Mati · first_building Monastery |
| 39:47 | NOC | Mati · first_building Castle |
| 40:25 | VIT Liereyy · first_building Monastery |
| 41:19 | NOC | Mati · first_market_sell 500 wood |
| 42:33 | NOC | Mati · wall_segment Stone Wall x1 |
| 43:45 | NOC | Mati · wall_segment Stone Wall x1 |
| 44:45 | NOC | Mati · age_up imperial |
| 44:52 | NOC | Mati · resign |
[ ANÁLISIS IA · 1 CRÉDITO ]
¿Qué pasó realmente en esta partida?
Wolo.gg analiza cada decisión: build order, eco, micro, errores típicos por bracket. Análisis personalizado por WhatsApp o Discord en 30 segundos.
Guía civ
Sicilianos
Perfil
Liereyy